AoeStats
← Dinolicious.

Arena

506341499Analyzed
1v1 RM · 19d ago on Sep 13, 2026· 41m 34s· 2 players
Game mode
Random Map
Map size
Tiny (2 player)
Population
200
Speed
Normal
Resources
Standard
Victory
Conquest
Starting age
Dark Age
Ending age
Imperial Age
RankedLock teamsTeams togetherTeam positionsShared explorationLock speedFull tech treeHidden civsTurbo modeCheats
Victory
Defeat
🇩🇪 Turks · Germany
1036
+14
1000
-42
Капитан печенька
11:25 Feudal Age
12:03 Double-Bit Axe
12:01 Horse Collar
13:31 Fletching
13:42 Padded Archer Armor
17:26 Castle Age
16:22 Padded Archer Armor
16:13 Fletching
20:12 Pikeman
20:54 Squires
21:14 Leather Archer Armor
23:58 Bow Saw
27:09 Ballistics
27:01 Gold Mining
27:04 Stone Mining
26:43 Elite Skirmisher
27:34 Bodkin Arrow
27:40 Scale Mail Armor
28:50 Forging
32:43 Imperial Age
31:25 Gold Shaft Mining
30:56 Heavy Plow
33:35 Chain Mail Armor
33:55 Iron Casting
35:56 Chemistry
34:47 Guard Tower
36:13 Halberdier
Dinolicious.
11:05 Feudal Age
13:28 Double-Bit Axe
13:43 Horse Collar
16:28 Castle Age
16:09 Wheelbarrow
23:43 Scale Barding Armor
25:30 Bloodlines
25:21 Husbandry
26:47 Hand Cart
26:18 Town Watch
26:19 Loom
29:43 Masonry
32:30 Imperial Age
30:43 Bow Saw
31:20 Town Patrol
31:29 Padded Archer Armor
31:48 Forging
32:05 Ballistics
31:27 Treadmill Crane
33:42 Chain Barding Armor
33:58 Iron Casting
33:39 Leather Archer Armor
33:15 Fletching
34:01 Conscription
33:54 Elite Janissary
35:45 Architecture
35:18 Scale Mail Armor
36:49 Bombard Tower
40:10 Hoardings
41:08 Ring Archer Armor
Connection lost

Rejoining the realm…

Still unreachable

The connection could not be restored.

Session expired

The server has moved on; the page needs a fresh start.